 Dungeon Crawl Stone Soup version 0.16-a0-3465-g53c7d0b (webtiles) character file.

67 Kemay the Changer (level 4, 0/28 HPs)
             Began as an Octopode Transmuter on Jan 2, 2015.
             Succumbed to an adder's poison
             ... on level 2 of the Dungeon.
             The game lasted 00:05:53 (2028 turns).

Kemay the Changer (Octopode Transmuter)             Turns: 2028, Time: 00:05:53

Health: 0/28       AC:  1    Str:  5 (9)  XL:     4   Next: 16%
Magic:  7/7        EV: 12    Int: 16      God:
Gold:   96         SH:  0    Dex: 13      Spells: 2 memorised, 3 levels left

rFire  + . .     SeeInvis .       - Unarmed
rCold  + . .     Clarity  .     (no shield)
rNeg   . . .     SustAb   .     (helmet restricted)
rPois  +         Gourm    .     (no amulet)
rElec  +         Spirit   .     c - +1 ring of dexterity
rCorr  +         Warding  .     (no ring)
rMut   .         Stasis   .     (no ring)
MR     .....                    (no ring)
Stlth  ++........               (no ring)
                                (no ring)
                                (no ring)
                                (no ring)

@: lethally poisoned, resistant, not resistant to hostile enchantments,
unstealthy
A: almost no armour, amphibious, 8 rings, constrict 8, camouflage 1, gelatinous
body 1
a: no special abilities


You were on level 2 of the Dungeon.
You were not hungry.

You visited 1 branch of the dungeon, and saw 2 of its levels.

You collected 96 gold pieces.

Inventory:

Jewellery
 c - a +1 ring of dexterity (left tentacle)
Scrolls
 g - a scroll of remove curse
Potions
 b - a potion of might
Books
 d - a book of Changes

   Spells                             Type                      Level
   a - Beastly Appendage              Transmutation                1
   b - Sticks to Snakes               Transmutation                2
   c - Spider Form                    Transmutation/Poison         3
   d - Ice Form                       Ice/Transmutation            4
   e - Blade Hands                    Transmutation                5
Comestibles
 a - a bread ration


   Skills:
 - Level 1.0 Fighting
 - Level 2.0 Dodging
 - Level 3.0 Unarmed Combat
 - Level 2.0 Spellcasting
 + Level 3.7 Transmutations
 + Level 2.2 Poison Magic


You had 3 spell levels left.
You knew the following spells:

 Your Spells              Type           Power        Failure   Level  Hunger
a - Beastly Appendage     Trmt           ##....       6%          1    #......
b - Spider Form           Trmt/Pois      ##........   21%         3    ###....


Dungeon Overview and Level Annotations

Branches:
Dungeon (2/15)

Altars:


Innate Abilities, Weirdness & Mutations

You cannot wear most types of armour.
You are amphibious.
You can wear up to eight rings at the same time.
You can use your tentacles to constrict many enemies at once.
Your skin changes colour to match your surroundings (Stealth).
Your rubbery body absorbs attacks (AC +1).


Message History

a dagger; a kobold corpse; an adder corpse; a giant gecko corpse You see here a puce potion.
Firing (i - inventory): No suitable missiles.
Press: ? - help, Shift-Dir - straight line, f - jackal
Aim: a jackal (hasn't noticed you)
Okay, then.
e - a puce potion
* * * LOW HITPOINT WARNING * * *
You feel sick.
Drink which item? (? for menu, Esc to quit)
It was a potion of degeneration.
There was something very wrong with that liquid.
You feel weakened.
Your tentacle spike disappears.
The jackal barks!
There are no items here.
There are no items here.
* * * LOW HITPOINT WARNING * * *
You feel sick.
You die...

#.# ####.####
#.......##
#.#......#
#.#..##..#
#.#...#..##
#..........
########........##
#@.....)#.....).##
#.#####h#.##....##
#.# #....#.##.##
#.# ....#........
#.# .##....#......
... #.#.########
#.. ..h.. ###
.##.#. .


You could see a jackal.

Vanquished Creatures
  An adder (D:2)
  A giant mite (D:1)
  4 giant geckos
  An ooze (D:1)
  4 bats (D:1)
  A giant cockroach (D:2)
  7 hobgoblins (D:1)
  12 jackals
  3 giant newts (D:1)
  4 goblins
  4 kobolds
  4 rats
46 creatures vanquished.

Notes
Turn   | Place    | Note
--------------------------------------------------------------
     0 | D:1      | Kemay, the Octopode Transmuter, began the quest for the Orb.
     0 | D:1      | Reached XP level 1. HP: 13/13 MP: 3/3
   266 | D:1      | Reached XP level 2. HP: 13/18 MP: 2/4
   924 | D:1      | Reached XP level 3. HP: 20/23 MP: 6/6
   929 | D:1      | Learned a level 3 spell: Spider Form
  1022 | D:1      | Reached skill level 1 in Poison Magic
  2011 | D:2      | Reached XP level 4. HP: 21/28 MP: 5/7
  2025 | D:2      | HP: 1/28 [poisoned by an adder]
  2028 | D:2      | Succumbed to an adder's poison

Action                   |  1- 3 |  4- 6 || total
-------------------------+-------+-------++-------
Melee: Unarmed           |   103 |     7 ||   110
 Cast: Beastly Appendage |    13 |       ||    13
 Abil: End Transformatio |     4 |       ||     4
  Use: Scroll            |     7 |       ||     7
       Potion            |       |     2 ||     2
 Stab: Sleeping          |     1 |       ||     1
  Eat: Chunk             |     4 |       ||     4
